 Dungeon Crawl Stone Soup version 0.28-a0-1629-gf728b707aa (webtiles) character file.

Game seed: 15601332705856406878

72718 HallandMoats the Impaler (level 14, -14/113 HPs)
             Began as a Ghoul Fighter on Jan 24, 2022.
             Was the Champion of Jiyva.
             Demolished by Azrael (18 damage)
             ... on level 14 of the Dungeon.
             The game lasted 00:30:54 (16792 turns).

HallandMoats the Impaler (Ghoul Fighter)           Turns: 16792, Time: 00:30:55

Health: -14/113    AC: 15    Str: 25    XL:     14   Next: 96%
Magic:  18/18      EV: 14    Int:  5    God:    Jiyva [******]
Gold:   962        SH:  6    Dex: 20    Spells: 13/13 levels left

rFire   . . .      SeeInvis .   a - +8 falchion of Checks and Balances {flame, Str+2}
rCold   + . .      Faith    .   c - +0 buckler
rNeg    + + +      Spirit   .   y - +0 steam dragon scales
rPois   ∞          Reflect  .   u - +0 helmet
rElec   .          Harm     .   f - +2 cloak
rCorr   +          Rampage  +   n - +0 pair of gloves
Will    +....                   R - +2 pair of boots of Kaonaakk {Rampage}
Stlth   ++........              H - amulet of the acrobat
HPRegen 1.60/turn               j - +6 ring of dexterity
MPRegen 0.66/turn               G - +6 ring of dexterity

@: calling ooze, flying, inhibited regen
A: claws 1, cold resistance 1, negative energy resistance 3, inhibited
regeneration, torment resistance 2
}: 1/15 runes: slimy
a: Renounce Religion, Oozemancy, Slimify


You were on level 14 of the Dungeon.
You worshipped Jiyva.
Jiyva was exalted by your worship.
You visited 3 branches of the dungeon, and saw 25 of its levels.
You also visited: Gauntlet.

You collected 962 gold pieces.

Inventory:

Hand Weapons
 a - the +8 falchion of Checks and Balances (weapon) {flame, Str+2}
   (You found it on level 10 of the Dungeon)

   It burns those it strikes, dealing additional fire damage.
   Big, fiery blades are also staple armaments of hydra-hunters.
   Str:       It affects your strength (+2).
 b - the +7 scythe of Conscience {venom, rElec Dex+4}
   (You found it on level 4 of the Dungeon)

   It poisons the flesh of those it strikes.
   Dex:       It affects your dexterity (+4).
   rElec:     It insulates you from electricity.
 U - the +5 short sword "Atriy" {vorpal, rN+ Str+4 Dex+3}
   (You found it on level 6 of the Dungeon)

   It inflicts extra damage upon your enemies.
   Str:       It affects your strength (+4).
   Dex:       It affects your dexterity (+3).
   rN:        It protects you from negative energy.
Missiles
 i - 3 throwing nets (quivered)
Armour
 c - a +0 buckler (worn)
 f - a +2 cloak (worn)
 n - a +0 pair of gloves (worn)
 u - a +0 helmet (worn)
 y - +0 steam dragon scales (worn)
 R - the +2 pair of boots of Kaonaakk (worn) {Rampage}
   (You found it on level 5 of the Pits of Slime)

   Rampage:   It bestows one free step when moving towards enemies.
 S - the +1 plate armour "Qiushrust" {Contam rC++ rN+ Int+2}
   (You found it on level 5 of the Pits of Slime)

   Int:       It affects your intelligence (+2).
   rC:        It greatly protects you from cold.
   rN:        It protects you from negative energy.
   Contam:    It causes magical contamination when unequipped.
Jewellery
 j - a +6 ring of dexterity (left hand)
 F - a ring of protection from cold
 G - a +6 ring of dexterity (right hand)
 H - an amulet of the acrobat (around neck)
 J - a ring of protection from cold
 T - the ring "Kyriguus" {Fire rPois Int+2 Dex+2}
   (You found it on level 5 of the Pits of Slime)

   [ring of fire]

   It enhances your fire magic.
   Int:       It affects your intelligence (+2).
   Dex:       It affects your dexterity (+2).
   rF:        It protects you from fire.
   rC:        It makes you vulnerable to cold.
   rPois:     It protects you from poison.
Wands
 z - a wand of mindburst (6)
 A - a wand of flame (19)
 B - a wand of polymorph (5)
 E - a wand of iceblast (3)
 P - a wand of paralysis (8)
Scrolls
 e - 7 scrolls of teleportation
 g - 2 scrolls of brand weapon
 k - 3 scrolls of enchant armour
 p - a scroll of immolation
 s - 3 scrolls of silence
 t - 2 scrolls of fog
 L - a scroll of magic mapping
 N - a scroll of enchant weapon
Potions
 d - a potion of brilliance {unknown}
 h - 2 potions of flight
 m - a potion of ambrosia {unknown}
 o - a potion of berserk rage {unknown}
 q - 3 potions of mutation
 r - a potion of lignification {unknown}
 v - 5 potions of curing {unknown}
 x - 3 potions of resistance {unknown}
 C - a potion of haste
 D - a potion of invisibility {unknown}
 K - 3 potions of cancellation {unknown}


   Skills:
 - Level 7.4 Fighting
 - Level 4.2(10.3) Short Blades
 * Level 14.5(14.7) Long Blades
 + Level 15.0 Polearms
 - Level 5.5 Armour
 - Level 4.5 Dodging
 - Level 4.0 Shields
 - Level 6.8 Invocations


You had 13 spell levels left.
You didn't know any spells.
Your spell library contained the following spells:

 Spells                   Type           Power      Damage    Failure   Level
 Magic Dart               Conj           0%         1d3       56%         1
 Shock                    Conj/Air       0%         1d3       56%         1
 Searing Ray              Conj           0%         2d4       71%         2
 Ozocubu's Armour         Ice            0%         N/A       90%         3
 Swiftness                Air            0%         N/A       90%         3
 Airstrike                Air            0%         N/A       100%        4
 Fulminant Prism          Conj/Hex       0%         3d6       100%        4
 Summon Ice Beast         Ice/Summ       0%         N/A       100%        4
 Alistair's Intoxication  Tmut/Pois      0%         N/A       100%        5
 Freezing Cloud           Conj/Ice/Air   0%         6-21      100%        5
 Necromutation            Tmut/Necr      Unusable   N/A       N/A         8

Dungeon Overview and Level Annotations

Branches:
Dungeon (14/15)            Temple (0/1) D:4            Lair (6/6) D:10
  Swamp (0/4) Lair:2        Snake (0/4) Lair:4        Slime (5/5) Lair:6
    Orc (0/2) D:9          Vaults (0/5) D:13        Gauntlet (visited)

Altars:
Ashenzari
Elyvilon
Fedhas
Hepliaklqana
Kikubaaqudgha
Qazlal
Uskayaw
Vehumet
Wu Jian
Jiyva

Annotations:
D:14 Azrael
Slime:5 Royal Jelly


Innate Abilities, Weirdness & Mutations

You thrive by killing the living.
You are immune to poison.
You have sharp fingernails.
Your flesh is cold resistant. (rC+)
You are immune to negative energy. (rN+++)
You do not regenerate when monsters are visible.
You are immune to unholy pain and torment.


Message History

You barely miss Azrael.
Azrael is lightly wounded.
The walls burn the hell hound!
The walls burn Azrael!
Azrael hits you with a +3 scimitar of flaming.
Azrael burns you.
You slash Azrael!
Azrael is moderately wounded.
The walls burn the hell hound!
The walls burn Azrael!
Azrael closely misses you.
You barely miss Azrael.
Azrael is moderately wounded.
The walls burn the hell hound!
You kill the hell hound!
You slash Azrael!
Azrael is heavily wounded.
The walls burn Azrael!
Azrael gestures at you.
The fireball explodes!
The fireball engulfs you!!
The fireball engulfs Azrael.
Azrael completely resists.
You hit Azrael.
Azrael is severely wounded.
You hit Azrael but do no damage.
Azrael is severely wounded.
The walls burn Azrael!
Azrael hits you with a +3 scimitar of flaming!
* * * LOW HITPOINT WARNING * * *
Azrael burns you.
* * * LOW HITPOINT WARNING * * *
You slash Azrael!
Azrael is severely wounded.
The walls burn Azrael!
Azrael gestures at you.
The sphere of damnation explodes!
The damnation engulfs you!!
* * * LOW HITPOINT WARNING * * *
The damnation engulfs Azrael.
Azrael completely resists.
It was a potion of flight.
You feel very buoyant.
You fly up into the air.
The walls burn Azrael!
Azrael hits you with a +3 scimitar of flaming!!
You die...

....^.... .....
.........# .... ##
#(#.##.... ...###.
)))......### #.....
..#......#≈≈≈ #.... >
.........#≈≈≈≈#... .#
#.#....#.+≈≈≈§○.†# .##
.........# #R###...#
.....##### #@....#..
...### ########......#.
..#######...............
...)..##................
#.....##................
#.......†...............
#.....##...(...<........
#.....##................
#.....##................


You could see Azrael.

Vanquished Creatures
  An ironbound preserver (D:13)
  Josephine (Lair:5)
  Harold (D:11)
  8 hydras
  2 boulder beetles
  5 centaur warriors
  A two-headed ogre (D:14)
  Nergalle (Lair:2)
  3 bog bodies (Lair:2)
  A deep elf pyromancer (D:13)
  8 ugly things
  3 cyclopes
  3 manticores
  An oklob plant (D:10)
  4 black mambas
  7 elephants
  9 cane toads
  An unseen horror (D:13)
  An efreet (D:13)
  6 komodo dragons
  3 rime drakes
  2 trolls
  3 polar bears
  Prince Ribbit (Lair:3)
  A wolf spider simulacrum (D:11)
  22 blink frogs
  39 dream sheep
  A meliai zombie (D:11)
  Sigmund (D:4)
  A shadow (D:12)
  7 wyverns
  7 wraiths
  27 yaks
  A redback (Gauntlet)
  3 basilisks
  3 fire elementals (D:14)
  3 steam dragons
  10 vampire mosquitoes
  Edmund (D:4)
  An acid dragon (D:13)
  2 swamp worms (Lair:2)
  19 water moccasins
  3 hell hounds (D:14)
  A swamp drake (D:9)
  2 ice beasts (D:7)
  6 orc warriors
  2 sky beasts
  A necrophage (D:4)
  An ogre (D:5)
  8 wolves
  12 centaurs
  A phantom (D:6)
  11 bullfrogs
  2 scorpions
  A water moccasin zombie (D:6)
  A wyvern skeleton (D:4)
  12 killer bees
  5 electric eels
  A bullfrog zombie (D:6)
  4 centaur zombies
  9 orc priests
  A hound (D:4)
  Crazy Yiuf (D:2)
  A centaur skeleton (D:6)
  2 gnoll shamans
  3 iguanas
  10 orc wizards
  A killer bee zombie (D:8)
  2 hound skeletons (D:4)
  3 howler monkey zombies
  9 gnolls
  3 adders
  A white imp (D:6)
  An ufetubus (D:6)
  An adder skeleton (D:4)
  A worm (D:4)
  A dart slug (D:2)
  40 orcs
  3 endoplasms (D:1)
  3 giant cockroaches
  7 goblins
  5 hobgoblins
  5 jackals
  8 kobolds
  5 quokkas
  4 ball pythons
  6 bats
  4 frilled lizards
  22 rats
461 creatures vanquished.

Vanquished Creatures (collateral kills)
  Gastronok (D:9)
  2 komodo dragons (Lair:1)
  Maggie (D:7)
  A basilisk (Lair:1)
  A bullfrog (Lair:1)
6 creatures vanquished.

Vanquished Creatures (others)
  3 dream sheep
  2 yaks
  Menkaure (D:5)
  A water moccasin (Lair:1)
  An acid dragon (D:9)
  A boggart (Gauntlet)
  A centaur (D:7)
  A wolf (Lair:1)
  A phantom (D:5)
  2 bullfrogs
  A water moccasin skeleton (D:7)
  71 jellies
  An electric eel (D:11)
  An orc priest (D:3)
  A hound (D:5)
  An orc wizard (D:9)
  A killer bee zombie (D:6)
  An adder (D:2)
  10 orcs
  3 endoplasms (Lair:6)
  A giant cockroach (D:2)
  3 goblins (D:2)
  A hobgoblin (D:3)
  A kobold (D:3)
  A quokka (D:2)
  4 ball pythons
  2 frilled lizards
  A rat (D:3)
  9 demonic plants (D:1)
  109 fungi
  178 plants
  7 withered plants
422 creatures vanquished.

Grand Total: 889 creatures vanquished

Notes
Turn   | Place    | Note
-------+----------+-------------------------------------------
     0 | D:1      | HallandMoats the Ghoul Fighter began the quest for the Orb.
     0 | D:1      | Reached XP level 1. HP: 19/19 MP: 0/0
   147 | D:1      | Reached XP level 2. HP: 18/26 MP: 1/1
   390 | D:1      | Reached XP level 3. HP: 33/33 MP: 2/2
   391 | D:1      | Found a faded altar of an unknown god.
   405 | D:1      | Prayed at the altar of an unknown god.
   405 | D:1      | Became a worshipper of Jiyva Jewkoare the Shapeless
   405 | D:1      | Reached * piety under Jiyva
  1006 | D:2      | Found a runed translucent door.
  1007 | D:2      | Noticed Crazy Yiuf
  1088 | D:2      | Reached ** piety under Jiyva
  1326 | D:2      | Reached XP level 4. HP: 40/40 MP: 3/3
  1653 | D:2      | Killed Crazy Yiuf
  1735 | D:3      | Reached *** piety under Jiyva
  2430 | D:4      | Found a hazy altar of Hepliaklqana.
  2440 | D:4      | Reached skill level 1 in Dodging
  2441 | D:4      | Reached **** piety under Jiyva
  2463 | D:3      | Reached XP level 5. HP: 47/47 MP: 4/4
  2545 | D:4      | Reached XP level 6. HP: 48/55 MP: 5/5
  2609 | D:4      | Found a staircase to the Ecumenical Temple.
  2612 | D:4      | Noticed a necrophage
  2630 | D:4      | Killed a necrophage
  2631 | D:4      | Reached skill level 1 in Invocations
  2671 | D:4      | Reached skill level 5 in Fighting
  2714 | D:4      | Found a stormy altar of Qazlal.
  2745 | D:4      | Reached XP level 7. HP: 61/61 MP: 7/7
  2926 | D:4      | Noticed Sigmund
  2929 | D:4      | Identified the +7 scythe of Conscience {venom, rElec Dex+4}
  2937 | D:4      | Killed Sigmund
  2958 | D:4      | Noticed Edmund
  2961 | D:4      | Killed Edmund
  3254 | D:5      | Entered Level 5 of the Dungeon
  3267 | D:5      | Reached ***** piety under Jiyva
  3366 | D:5      | Killed Menkaure
  3381 | D:5      | Reached XP level 8. HP: 69/69 MP: 9/9
  3440 | D:5      | Reached skill level 1 in Polearms
  3637 | D:6      | Noticed a troll
  3655 | D:5      | Killed a troll
  3656 | D:5      | Reached skill level 2 in Polearms
  3785 | D:6      | Reached skill level 3 in Polearms
  3858 | D:6      | Reached skill level 5 in Invocations
  3858 | D:6      | Reached XP level 9. HP: 75/75 MP: 11/11
  4435 | D:7      | Noticed Maggie
  4440 | D:7      | Killed Maggie
  4476 | D:7      | Found a broken altar of Ashenzari.
  4504 | D:7      | Reached skill level 4 in Polearms
  4572 | D:7      | Found a hide-covered altar of Uskayaw.
  4572 | D:7      | Found a blossoming altar of Fedhas.
  4578 | D:7      | Found an ornate altar of the Wu Jian Council.
  4580 | D:7      | Found an ancient bone altar of Kikubaaqudgha.
  4878 | D:7      | Reached skill level 5 in Armour
  4950 | D:8      | Reached skill level 5 in Polearms
  4980 | D:8      | Reached XP level 10. HP: 61/86 MP: 13/13
  5204 | D:8      | Reached ****** piety under Jiyva
  5953 | D:9      | Reached skill level 6 in Polearms
  6014 | D:9      | Found a staircase to the Orcish Mines.
  6169 | D:9      | Noticed Gastronok
  6178 | D:9      | Killed Gastronok
  6179 | D:9      | Reached skill level 7 in Polearms
  6549 | D:10     | Entered Level 10 of the Dungeon
  6554 | D:10     | Found a radiant altar of Vehumet.
  6569 | D:10     | Reached skill level 8 in Polearms
  6570 | D:10     | Identified the +8 falchion of Checks and Balances {flame,
                  | Str+2}
  6698 | D:10     | Reached skill level 9 in Polearms
  6787 | D:10     | Found a staircase to the Lair.
  6787 | D:10     | Noticed an oklob plant
  6826 | D:10     | Killed an oklob plant
  6827 | D:10     | Reached XP level 11. HP: 52/92 MP: 15/15
  6916 | D:10     | Reached skill level 10 in Polearms
  7295 | Lair:1   | Entered Level 1 of the Lair of Beasts
  7524 | Lair:1   | Noticed an eight-headed hydra
  7698 | Lair:1   | Reached skill level 11 in Polearms
  7905 | Lair:1   | Killed a four-headed hydra
  7906 | Lair:1   | Reached skill level 1 in Long Blades
  8116 | Lair:2   | Noticed a five-headed hydra
  8134 | Lair:2   | Slimified a five-headed hydra
  8134 | Lair:2   | Noticed an azure jelly
  8134 | Lair:2   | a five-headed hydra changed into an azure jelly
  8140 | Lair:2   | Noticed Nergalle
  8157 | Lair:2   | Killed Nergalle
  8178 | Lair:2   | You fall into a shaft and drop 1 floor!
  8230 | Lair:3   | Found a gate leading to a gauntlet.
  8254 | Gauntlet | Entered a Gauntlet
  8254 | Gauntlet | Found a transporter.
  8275 | Gauntlet | Found a transporter.
  8282 | Gauntlet | Noticed a worldbinder
  8286 | Gauntlet | Found a transporter.
  8289 | Gauntlet | Found a transporter.
  8296 | Gauntlet | Found a transporter.
  8310 | Gauntlet | Found a runed translucent door.
  8312 | Gauntlet | Found a transporter.
  8312 | Gauntlet | Noticed a green death
  8314 | Gauntlet | Found a runed translucent door.
  8323 | Gauntlet | Found a transporter.
  8328 | Gauntlet | Noticed a moth of wrath
  8336 | Gauntlet | Found a transporter.
  8338 | Gauntlet | Noticed a wretched star
  8349 | Gauntlet | Found a transporter.
  8359 | Gauntlet | Found a transporter.
  8360 | Gauntlet | Noticed a tengu warrior
  8364 | Gauntlet | Found a transporter.
  8415 | Gauntlet | Found a transporter.
  8415 | Gauntlet | Found a transporter.
  8428 | Gauntlet | Found a transporter.
  8509 | Gauntlet | Identified the +5 quarterstaff "Wikagil" {pain, rPois rC+
                  | MP+9 Dex+3}
  8548 | Gauntlet | Identified the -6 cloak "Lavou" {rCorr Int+4}
  8565 | Gauntlet | Noticed a minotaur
  8573 | Gauntlet | Slimified a minotaur
  8573 | Gauntlet | Noticed an acid blob
  8573 | Gauntlet | a minotaur changed into an acid blob
  8766 | Lair:3   | Noticed an eight-headed hydra
  8777 | Lair:3   | Killed a three-headed hydra
  8778 | Lair:3   | Reached skill level 5 in Long Blades
  8778 | Lair:3   | Reached XP level 12. HP: 62/100 MP: 16/16
  8805 | Lair:3   | Noticed Prince Ribbit
  8826 | Lair:3   | Killed Prince Ribbit
  8827 | Lair:3   | Reached skill level 12 in Polearms
  9492 | Lair:2   | Found a hazy altar of Hepliaklqana.
  9767 | Lair:2   | Found a staircase to the Swamp.
 10572 | Lair:4   | Noticed a six-headed hydra
 10573 | Lair:4   | Reached XP level 13. HP: 105/105 MP: 17/17
 10671 | Lair:4   | Reached skill level 13 in Polearms
 10697 | Lair:4   | Reached skill level 10 in Long Blades
 11231 | Lair:4   | Found a staircase to the Snake Pit.
 11407 | Lair:5   | Noticed Josephine
 11436 | Lair:5   | Killed Josephine
 11897 | Lair:5   | Reached skill level 14 in Polearms
 11978 | Lair:5   | Reached XP level 14. HP: 107/113 MP: 18/18
 12373 | Lair:6   | Entered Level 6 of the Lair of Beasts
 12677 | Lair:6   | Found a staircase to the Slime Pits.
 12715 | Slime:1  | Entered Level 1 of the Pits of Slime
 12715 | Slime:1  | Noticed an acid blob
 12724 | Slime:3  | Noticed a rockslime
 12724 | Slime:3  | Noticed an acid blob
 12734 | Slime:3  | Noticed a quicksilver ooze
 12753 | Slime:3  | Noticed an acid blob
 12760 | Slime:5  | Entered Level 5 of the Pits of Slime
 12771 | Slime:5  | Noticed an azure jelly
 12775 | Slime:5  | Noticed an acid blob
 12779 | Slime:5  | Found a viscous altar of Jiyva.
 12779 | Slime:5  | Noticed a quicksilver ooze
 12780 | Slime:5  | Noticed an acid blob
 12781 | Slime:5  | Noticed an acid blob
 12781 | Slime:5  | Noticed an acid blob
 12781 | Slime:5  | Noticed the Royal Jelly
 12782 | Slime:5  | Noticed an azure jelly
 12782 | Slime:5  | Noticed an acid blob
 12783 | Slime:5  | Noticed a quicksilver ooze
 12783 | Slime:5  | Noticed an acid blob
 12787 | Slime:5  | Identified the +9 great sword of Harmony {antimagic, Int+5
                  | Dex-2}
 12788 | Slime:5  | Noticed an acid blob
 12791 | Slime:5  | Noticed an acid blob
 12799 | Slime:5  | Got a slimy rune of Zot
 12803 | Slime:5  | Noticed an acid blob
 12809 | Slime:5  | Got the Guide on Noxious Snow
 12812 | Slime:5  | Identified the +2 pair of boots of Kaonaakk {Rampage}
 12815 | Slime:5  | Identified the +1 plate armour "Qiushrust" {Contam rC++ rN+
                  | Int+2}
 12818 | Slime:5  | Got Sif Muna's Handbook of the Mutagenic Glacier
 12830 | Slime:5  | Identified the ring "Kyriguus" {Fire rPois Int+2 Dex+2}
 12837 | Slime:5  | Noticed an acid blob
 12865 | Slime:5  | Noticed an acid blob
 12917 | Slime:5  | Noticed an acid blob
 12954 | Slime:5  | Noticed a rockslime
 13161 | Slime:1  | Noticed a quicksilver ooze
 13392 | D:6      | Identified the +5 short sword "Atriy" {vorpal, rN+ Str+4
                  | Dex+3}
 13844 | D:11     | Noticed Harold
 13858 | D:11     | Killed Harold
 16044 | D:13     | Found a gate to the Vaults.
 16044 | D:13     | Noticed an ironbound preserver
 16071 | D:13     | Killed an ironbound preserver
 16495 | D:13     | HP: 5/113 [white ugly thing (29)]
 16666 | D:14     | Reached skill level 15 in Polearms
 16772 | D:14     | Noticed Azrael
 16791 | D:14     | HP: 2/113 [Azrael/damnation (25)]
 16792 | D:14     | Demolished by Azrael

Illustrated notes

Levels and vault maps discovered:
D:1:      evilmike_arrival_hilbert_curve, layout_loops_ring, serial_bayou,
          serial_bayou_shore_a, serial_bayou_lagoon_b, serial_bayou_ford_a,
          serial_bayou_pond_e, shapermc_ecumenical_altar_gd
D:2:      layout_basic, minmay_fountain_box, chequers_serial_rivers_large_b,
          minmay_rat_hole, uniq_crazy_yiuf_cottage
D:3:      layout_basic, st_stairs_9
D:4:      layout_cave_pools, nicolae_qazlal_general_emergency,
          mainiacjoe_overflow_cross_hatched, temple_pool_b,
          sigmund_edmund_badplayer
D:5:      lemuel_ice_spiral_2, layout_rooms, hex_medium,
          mrwooster_statue_mirror, uniq_menkaure
D:6:      layout_basic, solitary_fountain
D:7:      layout_basic, evilmike_ruin_ashenzari,
          chequers_temple_overflow_minitemple, uniq_maggie
D:8:      layout_rooms
D:9:      layout_loops_ring, erik_orc_1, kennysheep_generic_room_6,
          uniq_gastronok
D:10:     layout_loops_ring, nicolae_overflow_crystal_walls, dpeg_oklobed_lair
D:11:     layout_basic, minmay_misc_feat_four_crosses, serial_bayou_lake_a,
          uniq_harold
D:12:     layout_stronghold, kennysheep_generic_room_2
D:13:     layout_cave_pods, skrybe_vaults_entry_preservation
D:14:     layout_rooms, chequers_serial_rivers_room_b, serial_rivers,
          chequers_serial_rivers_micro_c, chequers_serial_rivers_room_b,
          chequers_serial_rivers_micro_b, chequers_serial_rivers_micro_c,
          chequers_serial_rivers_room_b, uniq_azrael
Lair:1:   layout_regular_city, grunt_megastairs_3, infiniplex_staircase_pool_2
Lair:2:   layout_gridlike, nicolae_swamp_entry_splash_gauntlet, basic_altar,
          chequers_serial_rivers_micro_a, uniq_nergalle
Lair:3:   layout_chaotic_city, gauntlet_entry_generic, wad_woods_river_01,
          uniq_prince_ribbit2
Lair:4:   layout_regular_city, dummy_snake_entry, st_stairs_13,
          grunt_forest_stairs_basic
Lair:5:   layout_gridlike, lemuel_old_faithful, lemuel_fruit_fields,
          grunt_megastairs_4, infiniplex_staircase_pool, lemuel_fruit_fields,
          uniq_josephine
Lair:6:   due_jungle_book, layout_regular_city, nicolae_slime_entry_slimehenge,
          grunt_forest_small_clearings, lemuel_fruit_fields,
          lemuel_fruit_fields, uniq_urug
Slime:1:  layout_caves, cheibrodos_slime_lost_civilization_7
Slime:2:  layout_caves, basic_altar
Slime:3:  cheibrodos_slime_lost_civilization_2, layout_caves,
          cheibrodos_slime_lost_civilization_6
Slime:4:  layout_caves, uniq_dissolution
Slime:5

Skill      XL: |  1  2  3  4  5  6  7  8  9 10 11 12 13 14 |
---------------+-------------------------------------------+-----
Short Blades   | 2 3 4 |  4.2
Shields        | 3 4 |  4.0
Fighting       | 4 5 6 7 |  7.4
Armour         | 3 4 5 |  5.5
Dodging        | 1 2 3 4 |  4.5
Invocations    | 1 3 5 6 |  6.8
Polearms       | 3 5 9 11 12 14 15 | 15.0
Long Blades    | 5 9 12 14 | 14.5

Action                   |  1- 3 |  4- 6 |  7- 9 | 10-12 | 13-15 || total
-------------------------+-------+-------+-------+-------+-------++-------
Melee: Rapier            |   146 |   163 |    21 |       |       ||   330
       Scythe            |       |       |   162 |   211 |       ||   373
       Falchion          |       |       |       |   368 |   855 ||  1223
Invok: Slimify           |       |       |       |     2 |     1 ||     3
       Oozemancy         |       |       |       |       |     1 ||     1
Evoke: Wand              |       |       |       |       |     3 ||     3
  Use: Potion            |       |     1 |       |     1 |     1 ||     3
       Scroll            |       |       |       |     7 |     6 ||    13
 Stab: Sleeping          |       |       |     2 |     2 |       ||     4
       Distracted        |       |       |       |     1 |     2 ||     3
Armor: Scale mail        |    87 |    94 |    56 |       |       ||   237
       Steam dragon scal |       |       |   108 |   304 |   362 ||   774
Dodge: Dodged            |    62 |    61 |   257 |   528 |   645 ||  1553
Block: Buckler           |    32 |    39 |     4 |   115 |   250 ||   440

Table legend: (Time is in decaauts)
 A = Elapsed time spent in this place.
 B = Non-inter-level travel time spent in this place.
 C = Inter-level travel time spent in this place.
 D = Time resting spent in this place.
 E = Time spent auto-exploring this place.
 F = Levels seen in this place.
 G = Mean time per level.
                   A        B        C        D        E       F      G
               +--------+--------+--------+--------+--------+-----+--------+
         Total |  17011 |  15820 |   1191 |    329 |  11594 |  26 |  654.3 |
       Dungeon |  11040 |  10191 |    849 |    250 |   7690 |  14 |  788.6 |
          Lair |   5195 |   4909 |    286 |     76 |   3418 |   6 |  865.8 |
    Slime Pits |    449 |    393 |     56 |      0 |    271 |   5 |   89.8 |
      Gauntlet |    325 |    325 |      0 |      3 |    214 |   1 |  325.0 |
               +--------+--------+--------+--------+--------+-----+--------+

Top non-repeatable levels by time:
    D:13: 1251 daAuts
     D:9: 1177 daAuts
  Lair:2: 1110 daAuts
  Lair:3: 1027 daAuts
  Lair:5: 966 daAuts
     D:1: 944 daAuts
    D:12: 943 daAuts
     D:6: 910 daAuts
  Lair:4: 907 daAuts
     D:2: 903 daAuts
     D:3: 860 daAuts
    D:10: 832 daAuts
  Lair:1: 822 daAuts
    D:11: 803 daAuts
     D:8: 696 daAuts
